 Dungeon Crawl Stone Soup version 0.16-a0-2898-gc475c69 (webtiles) character file.

889 Kemay the Ducker (level 8, -1/55 HPs)
             Began as an Octopode Transmuter on Dec 1, 2014.
             Was an Initiate of Sif Muna.
             Killed from afar by an orc wizard (6 damage)
             ... with a magic dart
             ... on level 5 of the Dungeon.
             The game lasted 00:26:30 (7413 turns).

Kemay the Ducker (Octopode Transmuter)              Turns: 7413, Time: 00:26:31

Health: -1/55      AC:  1    Str:  9    XL:     8   Next: 6%
Magic:  13/13      EV: 15    Int: 16    God:    Sif Muna [......]
Gold:   265        SH:  5    Dex: 14    Spells: 2 memorised, 5 levels left

rFire  . . .     SeeInvis .     t - +2 dagger (venom) (curse)
rCold  . . .     Clarity  .     p - +0 buckler
rNeg   . . .     SustAb   .     (helmet restricted)
rPois  .         Gourm    .     (no amulet)
rElec  .         Spirit   .     (no ring)
rCorr  .         Warding  .     (no ring)
rMut   .         Stasis   .     (no ring)
MR     .....                    (no ring)
Stlth  ++........               (no ring)
                                (no ring)
                                (no ring)
                                (no ring)

@: not resistant to hostile enchantments, unstealthy
A: almost no armour, amphibious, 8 rings, constrict 8, camouflage 1, gelatinous
body 1
a: Renounce Religion


You were on level 5 of the Dungeon.
You worshipped Sif Muna.
Sif Muna was noncommittal.
You were hungry.

You visited 2 branches of the dungeon, and saw 6 of its levels.
You also visited: Sewer.

You collected 265 gold pieces.

Inventory:

Hand weapons
 c - a +2 hand axe of chopping
 e - a +0 dagger of speed
 t - a cursed +2 dagger of venom (weapon)
Armour
 p - a +0 buckler (worn)
Scrolls
 f - a scroll of fog
 j - 2 scrolls of identify
 k - a scroll of magic mapping
 l - a scroll of fear
 n - a scroll of recharging
 o - 2 scrolls of blinking
 q - a scroll of teleportation
 s - 2 scrolls of amnesia
Potions
 g - a potion of invisibility
 m - a potion of magic
Books
 d - a book of Changes

   Spells                             Type                      Level
   a - Beastly Appendage              Transmutation                1
   b - Sticks to Snakes               Transmutation                2
   c - Spider Form                    Transmutation/Poison         3
   d - Ice Form                       Ice/Transmutation            4
   e - Blade Hands                    Transmutation                5
 r - a book of Frost

   Spells                             Type                      Level
   a - Freeze                         Ice                          1
   b - Throw Frost                    Conjuration/Ice              2
   c - Ozocubu's Armour               Charms/Ice                   3
   d - Throw Icicle                   Conjuration/Ice              4
   e - Summon Ice Beast               Ice/Summoning                4
   f - Condensation Shield            Ice                          4
Comestibles
 a - 3 bread rations
 b - 10 chunks of flesh
 h - a fruit
 i - 3 meat rations


   Skills:
 - Level 5.1 Fighting
 + Level 6.3 Dodging
 + Level 3.6 Shields
 - Level 3.0 Unarmed Combat
 - Level 2.0 Spellcasting
 - Level 2.0 Transmutations


You had 5 spell levels left.
You knew the following spells:

 Your Spells              Type           Power        Failure   Level  Hunger
a - Beastly Appendage     Trmt           #.....       10%         1    #......
b - Blade Hands           Trmt           #.........   99%         5    ######.


Dungeon Overview and Level Annotations

Branches:
Dungeon (5/15)             Temple (1/1) D:4

Altars:
Ashenzari
Dithmenos
Elyvilon
Fedhas
Gozag
Makhleb
Okawaru
Qazlal
Ru
Sif Muna
Xom
Yredelemnul
The Shining One


Innate Abilities, Weirdness & Mutations

You cannot wear most types of armour.
You are amphibious.
You can wear up to eight rings at the same time.
You can use your tentacles to constrict many enemies at once.
Your skin changes colour to match your surroundings (Stealth).
Your rubbery body absorbs attacks (AC +1).


Message History

a mace; a dagger; a robe; an orc skeleton; an orc corpse You butcher the orc corpse.
b - 8 chunks of flesh (gained 3)
Items here: )) [ รท a mace; a dagger; a robe; an orc skeleton Your magical contamination has completely faded away.
Things that are here:
a dagger; a robe; an orc corpse You butcher the orc corpse.
b - 10 chunks of flesh (gained 2)
Things that are here:
a dagger; a robe; an orc skeleton Your tentacle spike disappears.
You hit the orc wizard.
The orc wizard is poisoned.
You grab the orc wizard. You squeeze the orc wizard.
The orc wizard is heavily wounded.
You constrict the orc wizard. The orc wizard casts a spell at you.
The magic dart hits you!
You die...

.......#.#.............####
...###..#####.........# #
.# #..# #........## #..#
##........### #.##
#...........## ##))#
##............##
#.).###..............#
#...#...<.?#..........
###..@...###[.###....#
#..o.####...# ##...#
#..#####...## ##.)#
#..####...## #...
##.......## ##..
#.....<...## #..
###..#####...# ##. #...###
##..## # #...#.#
##..#######


You could see an orc wizard.

Vanquished Creatures
  Menkaure (D:5)
  Purgy (Sewer)
  An ogre (D:4)
  A scorpion (D:3)
  An orc priest (D:4)
  A hound (D:4)
  6 orc wizards
  A worker ant (D:4)
  6 adders
  8 gnolls
  A shadow imp (D:5)
  4 giant mites (D:3)
  A worm (D:2)
  An adder skeleton (D:4)
  2 adder zombies (D:5)
  4 giant geckos
  2 oozes
  18 orcs
  6 bats
  7 giant cockroaches
  14 goblins
  11 hobgoblins
  3 jackals (D:1)
  4 ball pythons
  A ball python skeleton (D:4)
  12 giant newts
  A jackal skeleton (D:4)
  3 kobolds
  2 quokkas
  11 rats
135 creatures vanquished.

Notes
Turn   | Place    | Note
--------------------------------------------------------------
     0 | D:1      | Kemay, the Octopode Transmuter, began the quest for the Orb.
     0 | D:1      | Reached XP level 1. HP: 13/13 MP: 3/3
    83 | D:1      | Reached XP level 2. HP: 15/18 MP: 2/4
   586 | D:1      | Reached XP level 3. HP: 23/23 MP: 6/6
  1621 | D:2      | Reached skill level 4 in Dodging
  1702 | D:2      | Reached XP level 4. HP: 21/28 MP: 5/7
  2082 | D:3      | Reached skill level 5 in Dodging
  2082 | D:3      | Reached XP level 5. HP: 17/33 MP: 7/9
  2205 | D:3      | Found a glowing drain.
  2245 | Sewer    | Entered a sewer
  2517 | Sewer    | Noticed Purgy
  2796 | Sewer    | Killed Purgy
  2796 | Sewer    | Reached XP level 6. HP: 16/43 MP: 8/10
  3456 | D:3      | Found a burning altar of Makhleb.
  4404 | D:4      | Reached skill level 5 in Fighting
  4486 | D:4      | Reached XP level 7. HP: 35/50 MP: 12/12
  4984 | D:3      | Reached skill level 1 in Shields
  5147 | D:4      | Found a staircase to the Ecumenical Temple.
  5157 | Temple   | Entered the Ecumenical Temple
  5192 | Temple   | Became a worshipper of Sif Muna the Loreminder
  5793 | D:4      | HP: 2/50 [phantom (4)]
  6615 | D:5      | Entered Level 5 of the Dungeon
  6681 | D:5      | Learned a level 5 spell: Blade Hands
  6835 | D:5      | Noticed Menkaure
  6848 | D:5      | Killed Menkaure
  6848 | D:5      | Reached skill level 6 in Dodging
  7321 | D:5      | HP: 2/50 [phantom (6)]
  7398 | D:5      | Reached XP level 8. HP: 3/55 MP: 13/13
  7413 | D:5      | Killed from afar by an orc wizard

Action                   |  1- 3 |  4- 6 |  7- 9 || total
-------------------------+-------+-------+-------++-------
Melee: Unarmed           |    43 |       |       ||    43
       Dagger            |    63 |    99 |    57 ||   219
       Hand axe          |       |    47 |    81 ||   128
 Cast: Beastly Appendage |    16 |    24 |    16 ||    56
  Use: Scroll            |     5 |    11 |     1 ||    17
       Potion            |       |     4 |     5 ||     9
 Stab: Sleeping          |     6 |     4 |     1 ||    11
  Eat: Chunk             |     3 |     8 |     8 ||    19
       Pizza             |       |     1 |       ||     1
       Fruit             |       |       |     1 ||     1
